 Dungeon Crawl Stone Soup version 0.31.0-32-g396128a36d (console) character file.

Game seed: 4544797160878880453

24 utis the Sneak (level 2, -2/26 HPs)
             Began as a Demigod Delver on Mar 10, 2024.
             Slain by a cerulean imp
             ... wielding a +1 spear
             ... summoned by Natasha
              (3 damage)
             ... on level 2 of the Dungeon.
             The game lasted 00:02:34 (605 turns).

utis the Sneak (Demigod Delver)                      Turns: 605, Time: 00:02:34

Health: -2/26      AC:  6    Str: 13    XL:     2   Next: 60%
Magic:  4/4        EV:  9    Int: 12    God:
Gold:   15         SH:  0    Dex: 15    Spells: 1/1 levels left

rFire   . . .        l - +3 dagger
rCold   . . .        (no shield)
rNeg    . . .        i - +0 scale mail
rPois   .            (no helmet)
rElec   .            (no cloak)
rCorr   .            (no gloves)
SInv    .            (no boots)
Will    .....        (no amulet)
Stlth   +            (no ring)
HPRegen 0.24/turn    (no ring)
MPRegen 0.09/turn

%: no passive effects
@: no status effects
A: high MP 1, forlorn, divine attributes
a: no special abilities


You were on level 2 of the Dungeon.
You visited 1 branch of the dungeon, and saw 4 of its levels.

You collected 15 gold pieces.

Inventory:

Hand Weapons
 a - a +0 spear
 l - a +3 dagger (weapon)
Armour
 b - a +0 leather armour
 h - a +0 ring mail
 i - a +0 scale mail (worn)
Jewellery
 j - a ring of ice
Wands
 g - a wand of digging (3)
Scrolls
 c - a scroll of fog
 d - a scroll of revelation
 e - a scroll of fear
 k - a scroll of teleportation {unknown}
 m - a scroll of identify {unknown}
 n - a scroll of blinking {unknown}
Potions
 f - a potion of haste


   Skills:
 * Level 3.4 Fighting
 + Level 2.2 Polearms
 - Level 1.7 Dodging
 - Level 4.5 Stealth


You had one spell level left.
You didn't know any spells.
Your spell library was empty.

Dungeon Overview and Level Annotations

Branches:
Dungeon (5/15)
 Temple: D:4-7

Annotations:
D:2 Natasha, Terence


Innate Abilities, Weirdness & Mutations

You have an increased reservoir of magic. (+10% MP)
You shall have no god before yourself.
Your divine heritage dramatically boosts your attributes as you level up.


Message History

You feel disoriented. Natasha casts a spell at you.
You resist with significant effort. The kobold hits you but does no damage.
You hit Natasha.
Natasha is moderately wounded.
The cerulean imp hits you but does no damage.
Natasha mumbles some strange words.
The kobold hits you but does no damage.
You hit Natasha.
Natasha is moderately wounded.
The cerulean imp hits you from afar with a +1 spear.
Natasha claws you but does no damage. The kobold barely misses you.
You hit Natasha.
Natasha is heavily wounded.
The cerulean imp hits you but does no damage.
Natasha claws you.
The cerulean imp hits you from afar with a +2 spear.
The kobold hits you with a +0 short sword.
* * * LOW HITPOINT WARNING * * *
You are too injured to fight recklessly!
You are too injured to fight recklessly!
You closely miss Natasha.
Natasha is heavily wounded.
The cerulean imp hits you but does no damage.
Natasha claws you.
* * * LOW HITPOINT WARNING * * *
The cerulean imp hits you but does no damage.
The kobold hits you with a +0 short sword.
* * * LOW HITPOINT WARNING * * *
You hit Natasha.
Natasha is almost dead.
The cerulean imp barely misses you.
Natasha casts a spell.
The cerulean imp hits you from afar with a +2 spear.
* * * LOW HITPOINT WARNING * * *
The kobold closely misses you.
You closely miss Natasha.
Natasha is almost dead.
The cerulean imp hits you from afar with a +1 spear.
You die...

### ..# #.#
#.#
####.###
#..5555#
#.##h#.#
#.##@#.#
#..K.#(#
#..###h#
#......#
##.#####
#># #K# #.#
#.# #.#
.#####.####


You could see Natasha, 3 cerulean imps and a kobold.

Vanquished Creatures
  An adder (D:3)
  2 ball pythons
  3 endoplasms
  A giant cockroach (D:2)
  A goblin (D:2)
  2 hobgoblins (D:3)
  A bat (D:3)
  2 frilled lizards (D:2)
  A kobold (D:2)
14 creatures vanquished.

Notes
Turn   | Place    | Note
-------+----------+-------------------------------------------
     0 | D:5      | utis the Demigod Delver began the quest for the Orb.
     0 | D:5      | Reached XP level 1. HP: 18/18 MP: 3/3
    45 | D:5      | Noticed an iguana
    94 | D:3      | Reached XP level 2. HP: 21/26 MP: 4/4
   501 | D:2      | Noticed Terence
   570 | D:2      | Noticed Natasha
   604 | D:2      | HP: 1/26 [cerulean imp/+2 spear[Natasha] (3)]
   605 | D:2      | Slain by a cerulean imp

Illustrated notes

Levels and vault maps discovered:
D:2:      layout_loops_cross, uniq_natasha, uniq_terence
D:3:      layout_rooms, okawaru_gym_becter, nicolae_ashenzari_skybound,
          glass_columns_a, st_stairs_2, kennysheep_donut, minmay_misc_feat_alley
D:4:      minmay_evil_eye, layout_loops_cross, amcnicky_altar_gilded,
          lemuel_doored_altar, serial_shops, shop_fountains, uniq_eustachio
D:5:      layout_basic, lemuel_crystal_altar, lemuel_zombie_altar_yredelemnul,
          uniq_menkaure

Skill      XL: |  1 |
---------------+----+-----
Fighting       | 3 |  3.4
Polearms       | 2 |  2.2
Dodging        | |  1.7
Stealth        | |  4.5

Action                     || total
---------------------------++-------
  Melee: Spear             ||    32
         Dagger            ||    27
   Stab: Sleeping          ||     1
 Armour: Ring mail         ||     9
         Scale mail        ||    36
  Dodge: Dodged            ||    23
